[ AOE2 MATCH · #481231787 ]
UnrankedBohemians vs Khmer
[ REPLAY ANALYSIS · EXTRACTED FROM THE RECORDED GAME ]
Feudal
—
Castle
—
Imperial
—
| APM avg | 19.1 |
| APM peak | 29 |
| eAPM avg | 8.9 |
| Villagers / military | 20 / 0 |
Focus
⚔️ 6.3% · 🌾 93.7%
Feudal
—
Castle
—
Imperial
—
| APM avg | 12.0 |
| APM peak | 23 |
| eAPM avg | 7.7 |
| Villagers / military | 19 / 0 |
Focus
⚔️ 9.6% · 🌾 90.4%
Feudal
—
Castle
—
Imperial
—
| APM avg | 20.8 |
| APM peak | 48 |
| eAPM avg | 10.5 |
| Villagers / military | 18 / 0 |
Focus
⚔️ 7.7% · 🌾 92.3%
Feudal
—
Castle
—
Imperial
—
| APM avg | 25.5 |
| APM peak | 63 |
| eAPM avg | 9.4 |
| Villagers / military | 12 / 0 |
Focus
⚔️ 10.0% · 🌾 90.0%
Feudal
—
Castle
—
Imperial
—
| APM avg | 18.8 |
| APM peak | 30 |
| eAPM avg | 10.3 |
| Villagers / military | 24 / 0 |
Focus
⚔️ 0.0% · 🌾 100.0%
Feudal
—
Castle
—
Imperial
—
| APM avg | 36.8 |
| APM peak | 52 |
| eAPM avg | 21.1 |
| Villagers / military | 29 / 0 |
Focus
⚔️ 0.0% · 🌾 100.0%
Feudal
—
Castle
—
Imperial
—
| APM avg | 4.2 |
| APM peak | 9 |
| eAPM avg | 3.5 |
| Villagers / military | 12 / 0 |
Focus
⚔️ 0.0% · 🌾 100.0%
Feudal
—
Castle
—
Imperial
—
| APM avg | 13.3 |
| APM peak | 28 |
| eAPM avg | 6.3 |
| Villagers / military | 13 / 0 |
Focus
⚔️ 9.8% · 🌾 90.2%
Match map
Initial resources + every placement click. Lines = walls · curves = elevation contours. ◆ gold · ⬟ stone · ● berries · ✦ relic · ◌ wall gap
Your base
♛︎ Laquief-2K #BEAMER™'s base
Vuyo's base
Twixxo's base
mrivero2022's base
Jack.'s base
Skr111992's base
Cap-Royers's base
Smoothed initial terrain · ◌ = detected wall gap · hover for details
Inputs per minute
— LaGoule - - ♛︎ Laquief-2K #BEAMER™
Build order — LaGoule
27 actions detected in the replay
| 0:01 | Create | Villager (Male) |
| 0:02 | Create | Villager (Male) |
| 0:02 | Create | Villager (Male) |
| 0:02 | Create | Villager (Male) |
| 0:02 | Create | Villager (Male) |
| 0:03 | Build | House |
| 0:05 | Build | House |
| 1:24 | Create | Villager (Male) |
| 1:50 | Build | Lumber Camp |
| 2:04 | Create | Villager (Male) |
| 2:28 | Create | Villager (Male) |
| 3:00 | Create | Villager (Male) |
| 3:22 | Create | Villager (Male) |
| 3:30 | Build | House |
| 3:32 | Build | House |
| 4:05 | Create | Villager (Male) |
| 4:34 | Create | Villager (Male) |
| 4:58 | Create | Villager (Male) |
| 4:58 | Create | Villager (Male) |
| 4:58 | Create | Villager (Male) |
| 5:03 | Build | House |
| 5:07 | Build | Mill |
| 5:44 | Create | Villager (Male) |
| 6:26 | Create | Villager (Male) |
| 6:47 | Create | Villager (Male) |
| 6:48 | Create | Villager (Male) |
| 6:48 | Create | Villager (Male) |
Build order — ♛︎ Laquief-2K #BEAMER™
32 actions detected in the replay
| 0:05 | Research | Loom |
| 0:06 | Create | Villager (Male) |
| 0:07 | Create | Villager (Male) |
| 0:07 | Create | Villager (Male) |
| 0:07 | Create | Villager (Male) |
| 0:08 | Create | Villager (Male) |
| 0:16 | Build | House |
| 0:16 | Build | House |
| 0:21 | Build | House |
| 0:22 | Build | House |
| 0:23 | Build | House |
| 1:31 | Create | Villager (Male) |
| 2:56 | Create | Villager (Male) |
| 2:56 | Create | Villager (Male) |
| 3:43 | Create | Villager (Male) |
| 3:44 | Create | Villager (Male) |
| 3:44 | Create | Villager (Male) |
| 4:32 | Create | Villager (Male) |
| 4:32 | Create | Villager (Male) |
| 4:33 | Create | Villager (Male) |
| 4:53 | Build | Palisade Wall |
| 4:59 | Build | Palisade Wall |
| 5:03 | Build | Palisade Gate |
| 5:16 | Build | Palisade Gate |
| 5:22 | Build | Palisade Wall |
| 5:40 | Create | Villager (Male) |
| 5:40 | Create | Villager (Male) |
| 5:40 | Create | Villager (Male) |
| 6:08 | Create | Villager (Male) |
| 6:08 | Create | Villager (Male) |
| 7:02 | Build | Mining Camp |
| 7:46 | Build | Lumber Camp |
Build order — Vuyo
24 actions detected in the replay
| 0:03 | Create | Villager (Male) |
| 0:03 | Create | Villager (Male) |
| 0:03 | Create | Villager (Male) |
| 0:04 | Create | Villager (Male) |
| 0:05 | Build | House |
| 0:06 | Build | House |
| 0:45 | Research | Loom |
| 1:28 | Create | Villager (Male) |
| 1:28 | Create | Villager (Male) |
| 1:28 | Create | Villager (Male) |
| 2:15 | Build | Palisade Wall |
| 2:31 | Create | Villager (Male) |
| 3:21 | Create | Villager (Male) |
| 3:51 | Create | Villager (Male) |
| 3:56 | Build | House |
| 4:13 | Create | Villager (Male) |
| 4:54 | Create | Villager (Male) |
| 4:55 | Create | Villager (Male) |
| 6:30 | Create | Villager (Male) |
| 6:30 | Create | Villager (Male) |
| 6:30 | Create | Villager (Male) |
| 6:30 | Create | Villager (Male) |
| 7:08 | Build | Lumber Camp |
| 7:10 | Create | Villager (Male) |
Build order — Twixxo
21 actions detected in the replay
| 0:07 | Build | House |
| 0:21 | Create | Villager (Male) |
| 0:22 | Research | Loom |
| 0:22 | Create | Villager (Male) |
| 0:23 | Create | Villager (Male) |
| 0:23 | Create | Villager (Male) |
| 0:23 | Create | Villager (Male) |
| 1:20 | Build | Palisade Wall |
| 1:30 | Build | Palisade Wall |
| 1:42 | Build | Palisade Wall |
| 2:10 | Build | Lumber Camp |
| 2:34 | Build | House |
| 3:38 | Create | Villager (Male) |
| 4:57 | Create | Villager (Male) |
| 5:17 | Create | Villager (Male) |
| 5:30 | Create | Villager (Male) |
| 6:06 | Build | House |
| 6:30 | Create | Villager (Male) |
| 6:58 | Build | Mill |
| 7:01 | Create | Villager (Male) |
| 7:48 | Create | Villager (Male) |
Build order — mrivero2022
41 actions detected in the replay
| 0:11 | Build | House |
| 0:18 | Build | House |
| 0:20 | Build | House |
| 0:23 | Create | Villager (Male) |
| 0:23 | Create | Villager (Male) |
| 0:23 | Create | Villager (Male) |
| 0:24 | Create | Villager (Male) |
| 0:24 | Create | Villager (Male) |
| 1:47 | Build | Lumber Camp |
| 2:12 | Create | Villager (Male) |
| 2:12 | Create | Villager (Male) |
| 2:12 | Create | Villager (Male) |
| 2:33 | Create | Villager (Male) |
| 2:33 | Create | Villager (Male) |
| 3:09 | Create | Villager (Male) |
| 3:09 | Create | Villager (Male) |
| 3:41 | Create | Villager (Male) |
| 3:41 | Create | Villager (Male) |
| 4:18 | Build | Mill |
| 4:22 | Create | Villager (Male) |
| 4:22 | Create | Villager (Male) |
| 4:40 | Create | Villager (Male) |
| 4:40 | Create | Villager (Male) |
| 5:15 | Research | Loom |
| 5:51 | Create | Villager (Male) |
| 5:52 | Create | Villager (Male) |
| 6:21 | Create | Villager (Male) |
| 6:21 | Create | Villager (Male) |
| 6:34 | Create | Villager (Male) |
| 6:34 | Create | Villager (Male) |
| 7:13 | Build | Farm |
| 7:26 | Build | Farm |
| 7:30 | Build | Farm |
| 7:31 | Build | Farm |
| 7:31 | Build | Farm |
| 7:31 | Build | Farm |
| 7:32 | Build | Farm |
| 7:32 | Build | Farm |
| 7:32 | Build | Farm |
| 7:33 | Build | Farm |
| 7:33 | Build | Farm |
Build order — Jack.
35 actions detected in the replay
| 0:04 | Build | House |
| 0:06 | Create | Villager (Male) |
| 0:06 | Create | Villager (Male) |
| 0:06 | Create | Villager (Male) |
| 0:06 | Create | Villager (Male) |
| 0:07 | Create | Villager (Male) |
| 0:12 | Build | House |
| 1:38 | Create | Villager (Male) |
| 1:38 | Create | Villager (Male) |
| 2:01 | Build | Lumber Camp |
| 2:22 | Create | Villager (Male) |
| 2:22 | Create | Villager (Male) |
| 2:23 | Create | Villager (Male) |
| 2:44 | Create | Villager (Male) |
| 2:44 | Create | Villager (Male) |
| 2:45 | Create | Villager (Male) |
| 3:37 | Create | Villager (Male) |
| 3:37 | Create | Villager (Male) |
| 3:49 | Create | Villager (Male) |
| 3:49 | Create | Villager (Male) |
| 4:06 | Build | House |
| 4:19 | Build | Mill |
| 4:39 | Create | Villager (Male) |
| 4:40 | Create | Villager (Male) |
| 4:40 | Create | Villager (Male) |
| 4:40 | Create | Villager (Male) |
| 5:21 | Create | Villager (Male) |
| 6:41 | Create | Villager (Male) |
| 6:41 | Create | Villager (Male) |
| 6:41 | Create | Villager (Male) |
| 6:42 | Create | Villager (Male) |
| 6:42 | Create | Villager (Male) |
| 6:42 | Create | Villager (Male) |
| 6:43 | Create | Villager (Male) |
| 7:33 | Build | House |
Build order — Skr111992
16 actions detected in the replay
| 2:37 | Build | House |
| 2:41 | Build | House |
| 2:43 | Build | House |
| 3:34 | Create | Villager (Male) |
| 3:35 | Create | Villager (Male) |
| 3:35 | Create | Villager (Male) |
| 3:35 | Create | Villager (Male) |
| 3:35 | Create | Villager (Male) |
| 5:25 | Build | Mill |
| 5:35 | Create | Villager (Male) |
| 5:36 | Create | Villager (Male) |
| 6:14 | Create | Villager (Male) |
| 6:14 | Create | Villager (Male) |
| 6:14 | Create | Villager (Male) |
| 6:50 | Create | Villager (Male) |
| 7:14 | Create | Villager (Male) |
Build order — Cap-Royers
18 actions detected in the replay
| 0:40 | Build | Palisade Wall |
| 0:56 | Build | House |
| 0:58 | Build | House |
| 0:59 | Build | House |
| 1:04 | Research | Loom |
| 1:05 | Create | Villager (Male) |
| 1:05 | Create | Villager (Male) |
| 1:05 | Create | Villager (Male) |
| 1:06 | Create | Villager (Male) |
| 1:06 | Create | Villager (Male) |
| 1:06 | Create | Villager (Male) |
| 3:33 | Create | Villager (Male) |
| 3:33 | Create | Villager (Male) |
| 4:06 | Create | Villager (Male) |
| 5:28 | Create | Villager (Male) |
| 5:29 | Create | Villager (Male) |
| 5:29 | Create | Villager (Male) |
| 5:29 | Create | Villager (Male) |
Match timeline
| 0:40 | Cap-Royers · wall_segment Palisade Wall x14 |
| 1:20 | Twixxo · wall_segment Palisade Wall x14 |
| 1:30 | Twixxo · wall_segment Palisade Wall x2 |
| 1:42 | Twixxo · wall_segment Palisade Wall x1 |
| 2:15 | Vuyo · wall_segment Palisade Wall x10 |
| 4:53 | ♛︎ Laquief-2K #BEAMER™ · wall_segment Palisade Wall x4 |
| 4:59 | ♛︎ Laquief-2K #BEAMER™ · wall_segment Palisade Wall x5 |
| 5:22 | ♛︎ Laquief-2K #BEAMER™ · wall_segment Palisade Wall x2 |
| 7:31 | LaGoule · resign |
[ AI ANALYSIS · 1 CREDIT ]
What really happened in this match?
Wolo.gg analyzes every decision: build order, eco, micro, common mistakes by bracket. Personalized analysis on WhatsApp or Discord in 30 seconds.
Civ guide
Bohemians
Perfil
Jugador #606837